 Dungeon Crawl Stone Soup version 0.22.1-1-ga44c0e5 (webtiles) character file.

1575 delarado the Arsonist (level 8, -8/41 HPs)
             Began as a Deep Elf Fire Elementalist on Nov 7, 2018.
             Was an Initiate of Vehumet.
             Engulfed by a cloud of freezing vapour (11 damage)
             ... on level 5 of the Dungeon.
             The game lasted 00:20:49 (5700 turns).

delarado the Arsonist (Deep Elf Fire Elementalist)  Turns: 5700, Time: 00:20:50

Health: -8/41      AC:  4    Str:  7    XL:     8   Next: 60%
Magic:  23/23      EV: 13    Int: 23    God:    Vehumet [......]
Gold:   257        SH:  0    Dex: 22    Spells: 3/13 levels left

rFire    + . .     SeeInvis .   F - +0 war axe of the Extremely Mad {drain, Str+2 Dex+7} (curse)
rCold    + . .     Gourm    .   (no shield)
rNeg     . . .     Faith    .   a - +0 robe
rPois    +         Spirit   .   e - +0 helmet
rElec    +         Reflect  .   A - +0 cloak
rCorr    +         Harm     .   (no gloves)
MR       .....                  (no boots)
Stlth    +++.......             y - amulet of magic regeneration
HPRegen  0.13/turn              q - +2 ring of slaying
MPRegen  0.43/turn              t - ring of magical power

@: resistant
A: no striking features
a: Renounce Religion


You were on level 5 of the Dungeon.
You worshipped Vehumet.
Vehumet was noncommittal.
You were not hungry.

You visited 2 branches of the dungeon, and saw 6 of its levels.

You collected 257 gold pieces.

Inventory:

Hand Weapons
 f - a +0 dagger
 h - a +0 hunting sling
 j - a +0 hunting sling
 F - the cursed +0 war axe of the Extremely Mad (weapon) {drain, Str+2 Dex+7}
   (You found it on level 5 of the Dungeon)

   A truly terrible weapon, it drains the life of those it strikes.
   It affects your strength (+2).
   It affects your dexterity (+7).
   It has a curse placed upon it.
Missiles
 b - 181 stones
 i - 4 needles of sleeping
 r - 16 poisoned needles
 x - 14 sling bullets
 z - a javelin (quivered)
Armour
 a - a +0 robe (worn)
 e - a +0 helmet (worn)
 A - a +0 cloak (worn)
Jewellery
 k - an uncursed amulet of harm
 q - a +2 ring of slaying (left hand)
 t - a ring of magical power (right hand)
 y - an amulet of magic regeneration (around neck)
Wands
 n - a wand of polymorph (14)
 o - a wand of paralysis (6)
 p - a wand of iceblast (10)
Scrolls
 d - 3 scrolls of identify
 g - a scroll of teleportation
 l - 2 scrolls of remove curse {unknown}
 m - a scroll of immolation {unknown}
 s - a scroll of magic mapping
 u - 2 scrolls of enchant armour {unknown}
 v - a scroll of fog
 w - 3 scrolls of noise {unknown}
Potions
 B - a potion of curing
 C - 2 potions of agility {unknown}
 D - a potion of heal wounds {unknown}
 E - a potion of lignification {unknown}
Comestibles
 c - 4 rations


   Skills:
 - Level 2.4 Dodging
 - Level 2.4 Stealth
 - Level 3.0 Spellcasting
 + Level 8.4 Conjurations
 + Level 9.1 Fire Magic


You had 3 spell levels left.
You knew the following spells:

 Your Spells              Type           Power        Failure   Level  Hunger
a - Flame Tongue          Conj/Fire      #####        1%          1    None
b - Sticky Flame          Conj/Fire      #####...     3%          4    ####...
c - Fireball              Conj/Fire      #####.....   9%          5    ######.

Your spell library contained the following spells:

 Spells                   Type           Power        Failure   Level  Hunger
 Throw Flame              Conj/Fire      #####.       1%          2    ##.....
 Conjure Flame            Conj/Fire      #####...     1%          3    ###....
 Inner Flame              Hex/Fire       ###.....     5%          3    ###....


Dungeon Overview and Level Annotations

Branches:
Dungeon (5/15)             Temple (1/1) D:4

Altars:
Ashenzari
Dithmenos
Fedhas
Gozag
Hepliaklqana
Kikubaaqudgha
Nemelex Xobeh
Okawaru
Qazlal
Ru
Sif Muna
Trog
Vehumet
Wu Jian
Xom
Yredelemnul
Zin
The Shining One

Annotations:
D:3 1 runed door, Sigmund
D:5 1 transporter


Message History

You kill the ice beast!
Vehumet accepts your kill.
Your Fire Magic skill increases to level 9!
You start resting.
Magic restored.
You start resting.
HP restored.
You start waiting.
Done waiting.
Okay, then.
Really walk into that cloud of freezing vapour?
Really walk into a travel-excluded area?
You are engulfed in freezing vapours.
There is an open gate here.
You are engulfed in freezing vapours.
Ouch! That really hurt!
* * * LOW HITPOINT WARNING * * *
You feel protected.
You are engulfed in freezing vapours.
You resist.
You die...

..........#.##########.# #...#
..........#.#§§§§§§§##.# #....
.....###..#.#§§§§§§§##.######..##
............#§§#©#§§##.........#
..........#.#§§...§§##.#######.#
.####......)#§§#.#§§##.# #.#
...##.####.##§§...§§##.#######.##
.####.# #.####§§§####...†..##...
.####.# #.#§§§§@§§§§#......##...
......# #.#§§§§§§§§§#......##.##
.###### #)#§§§....§§#......+....
.# #.#§§§$=$§§§#......#..## .#
#.#§§§$©$§§§#......#..# .#
######'###########.######..# .#
#...........©.###..# #..# .#
#.......##....###.#######..## ##
#.......##...###.............


There were no monsters in sight!

Vanquished Creatures
  Pikel (D:5)
  A sky beast (D:5)
  A phantom (D:4)
  4 ice beasts (D:5)
  3 slaves (D:5)
  A centaur (D:5)
  An ogre (D:5)
  5 hounds
  A worker ant (D:5)
  2 hound skeletons (D:4)
  A howler monkey zombie (D:5)
  A gnoll (D:1)
  8 adders
  A shadow imp (D:5)
  An ooze (D:4)
  3 worms
  2 dart slugs
  7 leopard geckos
  4 orcs
  6 bats
  5 giant cockroaches
  7 goblins
  2 hobgoblins
  3 jackals (D:4)
  3 kobolds
  A quokka (D:5)
  8 frilled lizards
  A leopard gecko skeleton (D:4)
  8 rats
92 creatures vanquished.

Vanquished Creatures (others)
  A slave (D:5)
  A centaur (D:5)
  A leopard gecko (D:5)
3 creatures vanquished.

Grand Total: 95 creatures vanquished

Notes
Turn   | Place    | Note
-------+----------+-------------------------------------------
     0 | D:1      | delarado the Deep Elf Fire Elementalist began the quest for
                  | the Orb.
     0 | D:1      | Reached XP level 1. HP: 10/10 MP: 6/6
   223 | D:1      | Reached XP level 2. HP: 15/15 MP: 6/8
   616 | D:1      | Reached skill level 4 in Fire Magic
  1200 | D:1      | Reached XP level 3. HP: 19/19 MP: 7/9
  1694 | D:2      | Found a hazy altar of Hepliaklqana.
  1977 | D:2      | Found a glowing golden altar of the Shining One.
  2074 | D:3      | Reached XP level 4. HP: 7/24 MP: 4/10
  2407 | D:3      | Learned a level 4 spell: Sticky Flame
  2590 | D:3      | Reached skill level 5 in Fire Magic
  2635 | D:3      | Found a runed door.
  2681 | D:3      | Reached XP level 5. HP: 28/28 MP: 11/11
  2733 | D:3      | Noticed Sigmund
  3037 | D:4      | Found a staircase to the Ecumenical Temple.
  3045 | Temple   | Entered the Ecumenical Temple
  3231 | Temple   | Became a worshipper of Vehumet
  3340 | D:4      | Noticed a phantom
  3370 | D:4      | Killed a phantom
  3370 | D:4      | Reached XP level 6. HP: 27/32 MP: 0/12
  3511 | D:4      | Reached skill level 5 in Conjurations
  3511 | D:4      | Reached skill level 6 in Fire Magic
  3770 | D:4      | Found a blossoming altar of Fedhas.
  4227 | D:5      | Entered Level 5 of the Dungeon
  4405 | D:5      | Noticed a slave
  4405 | D:5      | Noticed Pikel
  4434 | D:5      | Reached XP level 7. HP: 35/36 MP: 13/13
  4448 | D:5      | Killed Pikel
  4448 | D:5      | Reached skill level 7 in Fire Magic
  4666 | D:5      | Found a transporter.
  4694 | D:5      | Reached skill level 8 in Fire Magic
  4694 | D:5      | Reached XP level 8. HP: 27/41 MP: 14/14
  4701 | D:5      | Learned a level 5 spell: Fireball
  4864 | D:5      | Found an opulent altar of Gozag.
  4949 | D:5      | Found a transporter.
  5298 | D:5      | Got a slimy war axe
  5343 | D:5      | Identified the cursed +0 war axe of the Extremely Mad
                  | {drain, Str+2 Dex+7} (You found it on level 5 of the
                  | Dungeon)
  5378 | D:5      | Reached skill level 9 in Fire Magic
  5700 | D:5      | Engulfed by a cloud of freezing vapour

Skill      XL: |  1  2  3  4  5  6  7  8 |
---------------+-------------------------+-----
Conjurations   | 2 3 4 5 7 8 |  8.4
Fire Magic     | 4 5 6 8 9 |  9.1
Dodging        | |  2.4
Stealth        | |  2.4
Spellcasting   | |  3.0

Action                   |  1- 3 |  4- 6 |  7- 9 || total
-------------------------+-------+-------+-------++-------
Melee: Dagger            |       |     6 |     4 ||    10
       War axe           |       |       |     2 ||     2
 Fire: Hunting sling     |       |     7 |    48 ||    55
Throw: Stone             |    73 |    19 |       ||    92
       Javelin           |       |    28 |       ||    28
 Cast: Flame Tongue      |    54 |    39 |     3 ||    96
       Sticky Flame      |       |     7 |    20 ||    27
  Use: Scroll            |     3 |       |       ||     3
       Potion            |       |     3 |     2 ||     5
  Eat: Chunk             |     3 |       |     3 ||     6
       Ration            |       |     3 |     1 ||     4
Armor: Robe              |     7 |    13 |     9 ||    29
Dodge: Dodged            |    22 |    19 |    34 ||    75
